 Dungeon Crawl Stone Soup version 0.32-a0-928-g1cae6b7ea0 (webtiles) character file.

Game seed: 2037219606797112899

15444 Autsider the Green Death (level 12, -5/61 HPs)
             Began as a Spriggan Alchemist on Apr 12, 2024.
             Was a High Priest of Fedhas.
             Slain by a tengu warrior
             ... wielding a +0 war axe
              (6 damage)
             ... on level 12 of the Dungeon.
             The game lasted 00:27:08 (12997 turns).

Autsider the Green Death (Spriggan Alchemist)      Turns: 12997, Time: 00:27:09

Health: -5/61      AC:  6    Str:  4    XL:     12   Next: 1%
Magic:  13/23      EV: 21    Int: 21    God:    Fedhas [*****.]
Gold:   730        SH:  0    Dex: 16    Spells: 17/25 levels left

rFire   . . .        s - +0 arbalest (flame)
rCold   . . .        (shield currently unavailable)
rNeg    . . .        a - +0 robe
rPois   .            h - +2 hat
rElec   .            n - +1 cloak
rCorr   .            (gloves unavailable)
SInv    +            (boots unavailable)
Will    ++...        P - amulet of the acrobat
Stlth   ++++         o - +4 ring of slaying
HPRegen 0.30/turn    x - +4 ring of slaying
MPRegen 0.18/turn

%: acrobat
@: very quick
A: very small, no large weapons, unfitting armour, see invisible, speed 3
a: Renounce Religion, Wall of Briars, Grow Ballistomycete, Overgrow, Grow Oklob


You were on level 12 of the Dungeon.
You worshipped Fedhas.
Fedhas was extremely pleased with you.
You visited 2 branches of the dungeon, and saw 13 of its levels.
You also visited: Ossuary.

You collected 886 gold pieces.
You spent 156 gold pieces at shops.

Inventory:

Hand Weapons
 j - a +1 short sword of venom
 l - the +6 whip "Zoator" {flame, ^Drain rElec rF++ Str+2}
   (You found it on level 2 of the Dungeon)

   Str+2:     It affects your strength (+2).
   rF++:      It greatly protects you from fire.
   rElec:     It insulates you from electricity.
   ^Drain:    It drains your maximum health when unequipped.
 r - the +5 hand axe "Montifotz" {chaos, rElec SInv}
   (You found it on level 3 of the Dungeon)

   rElec:     It insulates you from electricity.
   SInv:      It lets you see invisible.
 s - a +0 arbalest of flaming (weapon)
 A - the +6 spear "Killer Bee's Foe" {venom, Will+ Str+4}
   (You found it on level 5 of the Dungeon)

   Str+4:     It affects your strength (+4).
   Will+:     It increases your willpower.
 H - a +0 orcbow
Missiles
 F - 7 atropa-tipped darts
 R - a throwing net
 T - 3 curare-tipped darts
Armour
 a - a +0 robe (worn)
 h - a +2 hat (worn)
 i - an orb of mayhem
 n - a +1 cloak (worn)
 y - a +0 buckler
Jewellery
 e - an amulet of reflection
 o - a +4 ring of slaying (left hand)
 x - a +4 ring of slaying (right hand)
 D - a ring of resist corrosion
 O - a ring of flight
 P - an amulet of the acrobat (around neck)
Wands
 B - a wand of warping (12)
 Q - a wand of flame (8)
 U - a wand of paralysis (4)
Scrolls
 f - 4 scrolls of teleportation {@r2}
 k - 3 scrolls of revelation
 t - a scroll of enchant armour
 z - 3 scrolls of noise
 E - 2 scrolls of blinking
 G - a scroll of silence
 I - a scroll of immolation
 L - 5 scrolls of enchant weapon
 M - a scroll of fog
 N - a scroll of poison
 V - 3 scrolls of fear {unknown}
 X - a scroll of torment {unknown}
Potions
 b - 2 potions of magic
 c - 3 potions of cancellation
 d - 3 potions of brilliance
 g - 3 potions of haste {unknown}
 m - a potion of resistance {unknown}
 p - 4 potions of lignification
 q - 5 potions of berserk rage
 u - 3 potions of might {unknown}
 v - 8 potions of curing {@q1}
 w - 4 potions of ambrosia {unknown}
 C - a potion of mutation {unknown}
 J - 2 potions of enlightenment {unknown}
 K - a potion of attraction {unknown}
 S - 3 potions of heal wounds {unknown}
 W - a potion of degeneration {unknown}


   Skills:
 - Level 6.0 Fighting
 + Level 9.3 Dodging
 - Level 10.0 Stealth
 + Level 7.1 Spellcasting
 - Level 0.6 Conjurations
 - Level 4.0 Fire Magic
 + Level 2.6 Earth Magic
 + Level 9.6 Alchemy
 - Level 10.0 Invocations
 - Level 6.0 Evocations


You had 17 spell levels left.
You knew the following spells:

 Your Spells              Type           Power      Damage    Failure   Level
b - Olgreb's Toxic Radia  Alch           48%        N/A       1%          4
c - Sticky Flame          Fire/Alch      36%        2d8       5%          4

Your spell library contained the following spells:

 Spells                   Type           Power      Damage    Failure   Level
 Sting                    Conj/Alch      100%       1d9       1%          1
 Mercury Vapours          Alch/Air       54%        N/A       1%          2
 Mephitic Cloud           Conj/Alch/Air  21%        N/A       6%          3
 Leda's Liquefaction      Alch/Erth      16%        N/A       7%          4
 Petrify                  Alch/Erth      33%        N/A       7%          4
 Freeze                   Ice            28%        1d5       9%          1
 Slow                     Hex            28%        N/A       9%          1
 Dazzling Flash           Conj/Hex       16%        N/A       22%         3
 Hailstorm                Conj/Ice       8%         3d5       22%         3
 Call Canine Familiar     Summ           7%         N/A       26%         3
 Confusing Touch          Hex            7%         N/A       26%         3
 Frozen Ramparts          Ice            14%        1d3       26%         3
 Fugue of the Fallen      Necr           7%         N/A       26%         3
 Ozocubu's Armour         Ice            7%         N/A       26%         3
 Sigil of Binding         Hex            7%         N/A       26%         3
 Tukima's Dance           Hex            7%         N/A       26%         3
 Vampiric Draining        Necr           7%         2d6       26%         3
 Yara's Violent Unravell  Hex/Alch       13%        3d7       32%         5
 Dimensional Bullseye     Hex/Tloc       3%         N/A       65%         4
 Passage of Golubria      Tloc           7%         N/A       65%         4
 Metabolic Englaciation   Hex/Ice        3%         N/A       94%         5
 Starburst                Conj/Fire      8%         6d4       99%         6
 Malign Gateway           Summ/Tloc      3%         N/A       100%        7
 Manifold Assault         Tloc           3%         N/A       100%        7
 Maxwell's Capacitive Co  Air            3%         ∞         100%        8
 Summon Horrible Things   Summ           3%         N/A       100%        8


Dungeon Overview and Level Annotations

Branches:
Dungeon (12/15)            Temple (1/1) D:4            Lair (0/5) D:9
    Orc (0/2) D:10        Ossuary (visited)

Altars:
Ashenzari
Cheibriados
Dithmenos
Elyvilon
Fedhas
Gozag
Hepliaklqana
Kikubaaqudgha
Makhleb
Nemelex Xobeh
Okawaru
Qazlal
Ru
Sif Muna
Trog
Uskayaw
Vehumet
Wu Jian
Xom
Yredelemnul
Zin
The Shining One

Shops:
D:4 ![!   D:7 ?   D:8 (

Annotations:
D:7 exclusion: downstairs


Innate Abilities, Weirdness & Mutations

You are very small and have problems with some larger weapons.
You are too small for most types of armour.
You have supernaturally acute eyesight. (SInv)
You cover ground extremely quickly. (Speed+++)


Message History

Fedhas appreciates your contribution to the ecosystem.
You have reached level 12!
You see here a yak skeleton.
You start resting.
A tengu warrior is nearby!
Casting: Olgreb's Toxic Radiance (dangerous; 1% risk of failure)
Confirm with . or Enter, or press ? or * to list all spells.
You begin to radiate toxic energy.
The tengu warrior looks even sicker. x2
The tengu warrior looks as sick as possible!
Your toxic aura wanes.
You start resting.
A tengu warrior is nearby!
Casting: Olgreb's Toxic Radiance (dangerous; 1% risk of failure)
Confirm with . or Enter, or press ? or * to list all spells.
You begin to radiate toxic energy.
Fire: s) +0 arbalest (flame)
Press: ? - help, Q - select action, (/) - cycle Shift-Dir - straight line, f - tengu warrior
Aim: a tengu warrior, wielding a +0 war axe, wearing a +0 leather armour and wearing a +2 buckler of protection (heavily wounded, very poisoned, 47% to hit)
You shoot a bolt. The bolt hits the tengu warrior.
The bolt burns the tengu warrior.
The tengu warrior is severely wounded.
The tengu warrior looks even sicker.
Fire: s) +0 arbalest (flame)
Press: ? - help, Q - select action, (/) - cycle Shift-Dir - straight line, f/p - tengu warrior
Aim: a tengu warrior, wielding a +0 war axe, wearing a +0 leather armour and wearing a +2 buckler of protection (severely wounded, very poisoned, 47% to hit)
You shoot a bolt. The tengu warrior blocks the bolt.
The tengu warrior looks as sick as possible!
Your toxic aura wanes.
Fire: s) +0 arbalest (flame)
Press: ? - help, Q - select action, (/) - cycle Shift-Dir - straight line, f/p - tengu warrior
Aim: a tengu warrior, wielding a +0 war axe, wearing a +0 leather armour and wearing a +2 buckler of protection (almost dead, extremely poisoned, 47% to hit)
You shoot a bolt. The tengu warrior blocks the bolt.
The tengu warrior misses you. The tengu warrior barely misses you.
The tengu warrior claws you.
* * * LOW HITPOINT WARNING * * *
The tengu warrior hits you with a +0 war axe!!
* * * LOW HITPOINT WARNING * * *
The tengu warrior pecks you.
You die...
Fedhas appreciates your contribution to the ecosystem.

#.......#.......# ..#
#.###.####'######...#
#<#...#...#.......#
###.###.#...'Q......#
#.....#.#...#.......#
#.#.#.#.#...#########
#.#.#.#.#....
#.#...#Q#.....
#.....@.#.....
###############


You could see a tengu warrior (extremely poisoned).

Vanquished Creatures
  Harold (D:10)
  A centaur warrior (D:10)
  2 two-headed ogres
  Sonja (D:10)
  Pikel (D:7)
  An ugly thing (D:12)
  A gargoyle (D:9)
  An unseen horror (D:11)
  An unseen horror zombie (D:8)
  A kobold demonologist (D:10)
  2 komodo dragons
  A hornet (D:9)
  3 trolls
  A blink frog (D:9)
  6 yaks
  A shadow (D:10)
  A wraith (D:10)
  4 wyverns
  3 vampire mosquitoes (D:11)
  2 steam dragons (D:9)
  2 acid dragons
  3 water moccasins (D:9)
  3 orc warriors
  4 sky beasts
  An ice beast (D:6)
  2 ogres
  4 centaurs
  2 lemures (D:7)
  2 phantoms
  2 kobold brigands (D:9)
  A weeping skull (Ossuary)
  2 elf zombies (Ossuary)
  6 bullfrogs
  8 scorpions
  7 wights
  2 burial acolytes (Ossuary)
  17 killer bees
  7 howler monkeys
  An electric eel (D:10)
  2 bombardier beetles
  7 centaur zombies
  3 hounds
  2 jellies (D:6)
  8 orc priests
  Crazy Yiuf (D:2)
  4 iguanas
  15 orc wizards
  4 hound zombies (Ossuary)
  2 mummies (Ossuary)
  2 howler monkey zombies (D:8)
  7 gnolls
  8 adders
  8 river rats (D:6)
  3 dart slugs
  4 ribbon worms
  48 orcs
  9 ball pythons
  8 bats
  5 endoplasms
  4 giant cockroaches
  4 gnoll zombies (Ossuary)
  6 goblins
  10 hobgoblins
  20 kobolds
  8 quokkas
  3 frilled lizards
  2 orc zombies (Ossuary)
  22 rats
340 creatures vanquished.

Vanquished Creatures (collateral kills)
  A troll (D:10)
  A slime creature (D:10)
  A yak (D:9)
3 creatures vanquished.

Vanquished Creatures (others)
  A shadow imp (D:7)
1 creature vanquished.

Grand Total: 344 creatures vanquished

Notes
Turn   | Place    | Note
-------+----------+-------------------------------------------
     0 | D:1      | Autsider the Spriggan Alchemist began the quest for the
                  | Orb.
     0 | D:1      | Reached XP level 1. HP: 9/9 MP: 5/5
   183 | D:1      | Reached XP level 2. HP: 11/13 MP: 1/7
   846 | D:2      | Found a sacrificial altar of Ru.
   869 | D:2      | Reached XP level 3. HP: 16/16 MP: 4/8
  1097 | D:2      | Identified the +6 whip "Zoator" {flame, ^Drain rElec rF++
                  | Str+2}
  1547 | D:2      | Found a runed translucent door.
  1548 | D:2      | Noticed Crazy Yiuf
  1923 | D:2      | Killed Crazy Yiuf
  1924 | D:2      | Reached skill level 5 in Alchemy
  1924 | D:2      | Reached XP level 4. HP: 20/21 MP: 5/9
  2388 | D:3      | Identified the +5 hand axe "Montifotz" {chaos, rElec SInv}
  2433 | D:3      | Found a sparkling altar of Nemelex Xobeh.
  2604 | D:3      | Found a faded altar of an unknown god.
  2638 | D:3      | Reached XP level 5. HP: 19/22 MP: 6/10
  2643 | D:3      | Learned a level 4 spell: Olgreb's Toxic Radiance
  2648 | D:3      | Learned a level 4 spell: Sticky Flame
  2837 | D:4      | Found Qipaf's Distillery.
  2852 | D:4      | Bought 2 potions of curing for 66 gold pieces
  2877 | D:4      | Found Zonyxei's Antique Armour Boutique.
  2883 | D:4      | Found Omatwost's Distillery.
  3061 | D:4      | Reached skill level 1 in Fire Magic
  3134 | D:4      | Noticed an ogre
  3142 | D:4      | Killed an ogre
  3143 | D:4      | Reached XP level 6. HP: 28/28 MP: 11/11
  3195 | D:4      | Found an ancient bone altar of Kikubaaqudgha.
  3534 | D:4      | Reached XP level 7. HP: 32/32 MP: 7/12
  3629 | D:4      | Found a staircase to the Ecumenical Temple.
  3645 | Temple   | Entered the Ecumenical Temple
  3675 | Temple   | Became a worshipper of Fedhas Madash
  3848 | D:4      | Found a shadowy altar of Dithmenos.
  3872 | D:5      | Entered Level 5 of the Dungeon
  4277 | D:5      | Identified the +6 spear "Killer Bee's Foe" {venom, Will+
                  | Str+4}
  4317 | D:5      | Reached skill level 1 in Fighting
  4317 | D:5      | Reached skill level 1 in Invocations
  5323 | D:6      | Reached XP level 8. HP: 39/39 MP: 15/15
  5493 | D:6      | Found a sand-covered staircase.
  5504 | Ossuary  | Entered an ossuary
  5531 | Ossuary  | Reached * piety under Fedhas
  5675 | Ossuary  | Reached skill level 5 in Spellcasting
  6013 | D:6      | Found a glowing golden altar of the Shining One.
  6226 | D:6      | Reached ** piety under Fedhas
  6240 | D:6      | Reached XP level 9. HP: 36/44 MP: 13/19
  6612 | D:6      | Found a bloodstained altar of Trog.
  6653 | D:7      | Reached skill level 5 in Invocations
  6695 | D:7      | Noticed Pikel
  6713 | D:7      | Killed Pikel
  6714 | D:7      | Reached skill level 5 in Fighting
  6714 | D:7      | Reached *** piety under Fedhas
  7262 | D:7      | Found Uboximnu's Magic Scroll Emporium.
  7272 | D:7      | Bought a scroll of identify for 30 gold pieces
  7272 | D:7      | Bought a scroll of identify for 30 gold pieces
  7272 | D:7      | Bought a scroll of identify for 30 gold pieces
  7789 | D:8      | Reached XP level 10. HP: 42/53 MP: 15/20
  8182 | D:8      | Reached **** piety under Fedhas
  8400 | D:8      | Found Kukaiplo's Antique Weapon Boutique.
  8500 | D:9      | Found a staircase to the Lair.
  8716 | D:9      | Reached skill level 10 in Invocations
  8840 | D:9      | Reached skill level 1 in Evocations
  8913 | D:9      | Noticed a two-headed ogre
  8934 | D:9      | Killed a two-headed ogre
  8937 | D:9      | Reached skill level 5 in Stealth
  9298 | D:9      | Reached skill level 5 in Dodging
  9451 | D:9      | Noticed a gargoyle
  9455 | D:9      | Killed a gargoyle
  9456 | D:9      | Reached XP level 11. HP: 50/56 MP: 13/21
  9676 | D:9      | Reached skill level 5 in Evocations
  9676 | D:9      | Reached ***** piety under Fedhas
 10163 | D:10     | Entered Level 10 of the Dungeon
 10237 | D:10     | Found a staircase to the Orcish Mines.
 10493 | D:10     | Noticed a centaur warrior
 10496 | D:10     | Killed a centaur warrior
 10798 | D:10     | Noticed Harold
 10808 | D:10     | Killed Harold
 11037 | D:10     | Found a stormy altar of Qazlal.
 11326 | D:10     | Noticed Sonja
 11329 | D:10     | Killed Sonja
 11455 | D:10     | Noticed a two-headed ogre
 11460 | D:10     | Found a runed translucent door.
 11749 | D:10     | Killed a two-headed ogre
 11750 | D:10     | Reached skill level 1 in Earth Magic
 11752 | D:10     | Reached skill level 10 in Stealth
 12735 | D:12     | Noticed a red ugly thing
 12763 | D:12     | Killed a red ugly thing
 12952 | D:12     | Noticed a tengu warrior
 12973 | D:12     | Reached XP level 12. HP: 18/61 MP: 17/23
 12997 | D:12     | HP: 1/61 [tengu warrior/+0 war axe (20)]
 12997 | D:12     | Slain by a tengu warrior

Illustrated notes

Levels and vault maps discovered:
D:1:      saegor_arrival_simple_e, layout_rooms
D:2:      layout_basic, basic_altar, serial_bayou_pond_a,
          uniq_crazy_yiuf_cottage
D:3:      layout_loops_ring, nemelex_xobeh_ov_fountains_minmay,
          shapermc_ecumenical_altar_mp_ritualfount
D:4:      old_forge, layout_basic, mainiacjoe_overflow_catwalk, kennysheep_mini,
          minmay_temple_entry_trees, serial_shops,
          nicolae_shop_advertising_works [nicolae_subvault_shop_adworks], shop,
          nicolae_shop_statue_plus
D:5:      layout_layer_cave, serial_co_window_serial, co_window_paths_b,
          co_window_of_opportunity_a, co_window_of_opportunity_a,
          co_window_of_opportunity_a, co_window_paths_b, co_window_paths_b,
          co_window_corner_a, co_window_corner_a, co_window_paths_b,
          co_window_corner_b, co_window_unsneaky_path_b, co_window_broadway_c,
          co_window_broadway_a, co_window_broadway_b, co_window_corner_b,
          glass_columns_b, minmay_strange_pillars, minmay_misc_feat_nine_boxes,
          corexii_shack
D:6:      lemuel_ratsnest, layout_rooms, tso_altar,
          nicolae_overflow_hidden_temple, lightli_ossuary_entry_decrepit_ruins,
          minmay_misc_feat_cross
D:7:      layout_basic, serial_shops, shop, uniq_pikel
D:8:      layout_basic, serial_shops, shop, serial_undead, serial_undead_c,
          serial_undead_a, serial_undead_b, serial_undead_e
D:9:      minmay_bubble_buster, layout_stronghold, dpeg_lair_monsters
D:10:     layout_roguey, mainiacjoe_overflow_paths, hiddenorc2_lemuel,
          minmay_st_funbox, chequers_big_river, uniq_harold, uniq_sonja
D:11:     layout_roguey
D:12:     nicolae_aperiodic_l_corner, layout_basic, uniq_maurice, uniq_kirke,
          uniq_urug
Temple:   eino_temple_scatter_basement

Skill      XL: |  1  2  3  4  5  6  7  8  9 10 11 |
---------------+----------------------------------+-----
Dodging        | 3 5 9 |  9.3
Spellcasting   | 3 4 6 7 |  7.1
Alchemy        | 4 5 6 7 8 9 |  9.6
Fire Magic     | 2 3 4 |  4.0
Fighting       | 1 3 6 |  6.0
Invocations    | 2 4 7 10 | 10.0
Evocations     | 4 6 |  6.0
Stealth        | 6 10 | 10.0
Earth Magic    | 2 |  2.6
Conjurations   | |  0.6

Action                     |  1- 3 |  4- 6 |  7- 9 | 10-12 || total
---------------------------+-------+-------+-------+-------++-------
  Melee: Unarmed           |    15 |       |       |       ||    15
         Whip              |     6 |    28 |       |       ||    34
   Fire: Arbalest          |       |    57 |   167 |   213 ||   437
   Cast: Sting             |    61 |    13 |       |       ||    74
         Olgreb's Toxic Ra |       |     9 |    28 |    53 ||    90
         Sticky Flame      |       |       |     1 |    14 ||    15
 Invoke: Wall of Briars    |       |       |       |     2 ||     2
    Use: Scroll            |       |     3 |    10 |     3 ||    16
         Potion            |       |       |       |     1 ||     1
   Stab: Distracted        |       |     1 |       |       ||     1
         Sleeping          |       |     1 |       |       ||     1
 Armour: Robe              |     7 |    14 |    60 |    93 ||   174
  Dodge: Dodged            |    16 |    34 |    80 |   132 ||   262
  Block: Other             |       |    14 |    18 |    27 ||    59
         Reflection        |       |       |     1 |     5 ||     6

Table legend: (Time is in decaauts)
 A = Elapsed time spent in this place.
 B = Non-inter-level travel time spent in this place.
 C = Inter-level travel time spent in this place.
 D = Time resting spent in this place.
 E = Time spent auto-exploring this place.
 F = Levels seen in this place.
 G = Mean time per level.
                   A        B        C        D        E       F      G
               +--------+--------+--------+--------+--------+-----+--------+
         Total |  10078 |   9732 |    346 |    298 |   7745 |  14 |  719.9 |
       Dungeon |   9611 |   9294 |    317 |    298 |   7455 |  12 |  800.9 |
        Temple |     30 |      2 |     28 |      0 |      0 |   1 |   30.0 |
       Ossuary |    435 |    435 |      0 |      0 |    290 |   1 |  435.0 |
               +--------+--------+--------+--------+--------+-----+--------+

Top non-repeatable levels by time:
    D:10: 1480 daAuts
     D:9: 1397 daAuts
     D:5: 936 daAuts
     D:2: 857 daAuts
     D:4: 798 daAuts
     D:7: 710 daAuts
     D:8: 686 daAuts
     D:6: 668 daAuts
     D:1: 666 daAuts
    D:11: 561 daAuts
     D:3: 536 daAuts
 Ossuary: 435 daAuts
    D:12: 313 daAuts
  Temple: 30 daAuts
